 Dungeon Crawl Stone Soup version 0.26-a0-215-g1b87330c0f (webtiles) character file.

Game seed: 14296308852893239893

209 Gargoyl the Skirmisher (level 5, -3/46 HPs)
             Began as a Centaur Abyssal Knight on July 6, 2020.
             Was a Believer of Lugonu.
             Slain by an ogre
             ... wielding a +0 giant club
              (19 damage)
             ... on level 3 of the Dungeon.
             The game lasted 00:05:01 (4706 turns).

Gargoyl the Skirmisher (Centaur Abyssal Knight)     Turns: 4706, Time: 00:05:02

Health: -3/46      AC: 13    Str: 14    XL:     5   Next: 55%
Magic:  7/7        EV:  4    Int: 11    God:    Lugonu [**....]
Gold:   161        SH:  0    Dex: 10    Spells: 4/4 levels left

rFire    . . .     SeeInvis +   a - +1 hand axe
rCold    . . .     Faith    .   (no shield)
rNeg     . . .     Spirit   .   h - +3 chain mail {rPois}
rPois    +         Reflect  .   (no helmet)
rElec    .         Harm     .   g - +1 cloak (curse)
rCorr    .                      (no gloves)
MR       .....                  (no barding)
Stlth    ..........             (no amulet)
HPRegen  0.15/turn              e - ring of see invisible
MPRegen  0.10/turn              (no ring)

@: confused, very quick
A: large, hooves 3, deformed body, speed 2, tough skin 3
a: Depart the Abyss, Bend Space, Renounce Religion


You were on level 3 of the Dungeon.
You worshipped Lugonu.
Lugonu was pleased with you.
You were not hungry.

You visited 1 branch of the dungeon, and saw 4 of its levels.
You visited the Abyss 1 time.

You collected 161 gold pieces.

Inventory:

Hand Weapons
 a - a +1 hand axe (weapon)
 i - a +0 war axe
Missiles
 n - 3 boomerangs (quivered)
Armour
 g - a cursed +1 cloak (worn)
 h - a +3 chain mail of poison resistance (worn)
Jewellery
 e - a ring of see invisible (left hand)
Scrolls
 c - a scroll of remove curse
 f - 3 scrolls of teleportation
 j - a scroll of identify
 k - a scroll of random uselessness {unknown}
Potions
 b - 2 potions of ambrosia
 d - a potion of mutation {unknown}
 l - a potion of stabbing
 o - a potion of berserk rage {unknown}


   Skills:
 + Level 3.8 Fighting
 + Level 3.0 Axes
 * Level 2.6 Armour
 * Level 1.6 Dodging
 * Level 2.8 Invocations


You had 4 spell levels left.
You didn't know any spells.
Your spell library was empty.

Dungeon Overview and Level Annotations

Branches:
Dungeon (4/15)
 Temple: D:4-7

Altars:
Fedhas
Vehumet
The Shining One


Innate Abilities, Weirdness & Mutations

You have hooves in place of feet.
Armour fits poorly on your strangely shaped body.
You cover ground very quickly.
You have extremely tough skin. (AC +3)


Message History

You feel invigorated.
You hit the ogre. Your kick misses the ogre.
The ogre is heavily wounded.
The ogre hits you with a +0 giant club!!
* * * LOW HITPOINT WARNING * * *
You're too confused to move!
The ogre hits you with a +0 giant club.
* * * LOW HITPOINT WARNING * * *
Unknown command.
You bump into the rock wall.
The ogre hits you with a +0 giant club!
* * * LOW HITPOINT WARNING * * *
You bump into the rock wall.
The ogre hits you with a +0 giant club.
* * * LOW HITPOINT WARNING * * *
You hit the ogre. You kick the ogre.
The ogre is almost dead.
The ogre hits you but does no damage.
You closely miss the ogre. Your kick misses the ogre.
The ogre is almost dead.
The ogre hits you with a +0 giant club!!
You die...

#.# #.#.# ##8.#.#.#.#.## #.#
###.#.# #...........⌠#
#.######.#...#####..........._#
..#....#...........8.#)#.#.#.##
..#.##.#.#################.#⌠#
....##.#.#.........# #####
....##.#.#.#######.# #.#
....##.#.#.#.....#.#######.######
........<.......@O...............
..#..#.#.###..####.#######.######
.......#.#...........# #.#
.###.###.#.##.####.#.# #.# .#
#.###.#.........#.# #.# .#
#..##.#.##.######.# #.# .#
##.##...........#.# #.# .#
#.####.##.####.#.# #.# .# #..#
#.##.####.#.#####.#


You could see an ogre.

Vanquished Creatures
  Crazy Yiuf (D:2)
  2 bullfrog skeletons (D:4)
  Terence (D:2)
  3 adders
  2 worms (D:2)
  A dart slug (D:4)
  2 leopard geckos
  5 giant cockroaches
  4 hobgoblins
  3 jackals (D:3)
  A quokka (D:2)
  2 ball pythons
  15 bats
  12 frilled lizards
  7 goblins
  7 kobolds
  4 rats
  A fungus (D:2)
73 creatures vanquished.

Notes
Turn   | Place    | Note
-------+----------+-------------------------------------------
     0 | Abyss:1  | Gargoyl the Centaur Abyssal Knight began the quest for the
                  | Orb.
     0 | Abyss:1  | Reached XP level 1. HP: 19/19 MP: 2/2
   121 | Abyss:1  | Noticed a wretched star
   122 | D:1      | Escaped the Abyss
   210 | D:1      | Reached * piety under Lugonu
   309 | D:1      | Reached XP level 2. HP: 26/26 MP: 3/3
  1492 | D:2      | Reached skill level 1 in Dodging
  1492 | D:2      | Reached XP level 3. HP: 25/31 MP: 4/4
  1656 | D:2      | Noticed Terence
  2339 | D:2      | Killed Terence
  2339 | D:2      | Reached XP level 4. HP: 20/39 MP: 5/5
  2867 | D:2      | Reached ** piety under Lugonu
  3500 | D:2      | Found a runed translucent door.
  3501 | D:2      | Noticed Crazy Yiuf
  3513 | D:2      | Killed Crazy Yiuf
  3694 | D:3      | Reached XP level 5. HP: 43/45 MP: 6/6
  3926 | D:3      | Found a glowing golden altar of the Shining One.
  4255 | D:3      | Found a radiant altar of Vehumet.
  4260 | D:3      | Found a blossoming altar of Fedhas.
  4425 | D:4      | Noticed an ogre
  4699 | D:3      | HP: 1/46 [ogre/+0 giant club (20)]
  4706 | D:3      | Slain by an ogre

Illustrated notes

Levels and vault maps discovered:
D:1:      enne_arrival_octagon_isle, layout_basic, interstate_on_off,
          minivault_24, minmay_heptomino_d4
D:2:      layout_basic, chequers_big_river, moated_statue, minmay_lizard_king,
          uniq_terence, uniq_crazy_yiuf_cottage
D:3:      layout_basic, minitemple, tso_metal_star
D:4:      layout_cave_pools, lemuel_coloured_pillars_altar, first_ration,
          nicolae_zen_rock_garden

Skill      XL: |  1  2  3  4  5 |
---------------+----------------+-----
Axes           | 2 3 |  3.0
Dodging        | 1 |  1.6
Armour         | 2 |  2.6
Fighting       | |  3.8
Invocations    | |  2.8

Action                   |  1- 3 |  4- 6 || total
-------------------------+-------+-------++-------
Melee: Hand axe          |   135 |   141 ||   276
       Kick              |    16 |    28 ||    44
Throw: Boomerang         |       |     6 ||     6
Invok: Depart the Abyss  |     1 |       ||     1
  Use: Potion            |     4 |     2 ||     6
       Scroll            |     4 |     3 ||     7
  Eat: Ration            |     1 |     2 ||     3
Armor: Leather armour    |    94 |       ||    94
       Skin              |    22 |       ||    22
       Chain mail        |       |   132 ||   132
Dodge: Dodged            |   105 |    36 ||   141

Table legend:
 A = Non-vault XP
 B = Vault XP
 C = Vault XP percentage of total XP
 D = Non-vault monster count
 E = Vault monster count
 F = Vault count percentage of total count
                 A         B        C        D         E       F
            +---------+---------+-------+---------+---------+-------
      Total |     206 |      93 |  31.1 |      56 |      16 |  22.2
            +---------+---------+-------+---------+---------+-------
        D:1 |      39 |       7 |  15.2 |      19 |       3 |  13.6
        D:2 |      51 |      86 |  62.8 |      19 |      13 |  40.6
        D:3 |      19 |       0 |   0.0 |      13 |       0 |   0.0
        D:4 |      97 |       0 |   0.0 |       5 |       0 |   0.0
            +---------+---------+-------+---------+---------+-------
